 Dungeon Crawl Stone Soup version 0.24.0-35-gdb84b6a5db (webtiles) character file.

Game seed: 13452095224932924639, levelgen mode: deterministic

402 Curus the Cudgeler (level 6, -6/76 HPs)
             Began as a Draconian Berserker on Nov 18, 2019.
             Was a Priest of Trog.
             Mangled by a gnoll
             ... wielding a +0 halberd
              (13 damage)
             ... on level 4 of the Dungeon.
             The game lasted 00:10:34 (2706 turns).

Curus the Cudgeler (Draconian Berserker)            Turns: 2706, Time: 00:10:35

Health: -6/76      AC:  6    Str: 23 (24) XL:     6   Next: 55%
Magic:  6/6        EV:  6    Int:  8      God:    Trog [***...]
Gold:   161        SH:  0    Dex: 11 (12) Spells: 5/5 levels left

rFire    . . .     SeeInvis .   h - +0 flail
rCold    . . .     Gourm    .   (no shield)
rNeg     . . .     Faith    .   (armour unavailable)
rPois    .         Spirit   .   (helmet restricted)
rElec    .         Reflect  .   (no cloak)
rCorr    .         Harm     .   (no gloves)
MR       .....                  (no boots)
Stlth    ..........             (no amulet)
HPRegen  0.22/turn              (no ring)
MPRegen  0.10/turn              (no ring)

@: berserking (expiring), held, very quick
A: unfitting armour, cold-blooded, AC +6
a: Berserk, Trog's Hand, Renounce Religion


You were on level 4 of the Dungeon.
You worshipped Trog.
Trog was most pleased with you.
You were near starving.

You visited 1 branch of the dungeon, and saw 4 of its levels.

You collected 161 gold pieces.

Inventory:

Hand Weapons
 a - a +0 mace
 h - a +0 flail (weapon)
Wands
 i - a wand of flame (12)
Scrolls
 c - 4 scrolls of identify
 d - 3 scrolls of remove curse
 e - a scroll of blinking
 j - a scroll of fear
Potions
 g - a potion of heal wounds
Comestibles
 b - 9 rations


   Skills:
 - Level 3.2 Fighting
 + Level 7.5 Maces & Flails
 - Level 2.6 Dodging


You had 5 spell levels left.
You didn't know any spells.
Your spell library was empty.

Dungeon Overview and Level Annotations

Branches:
Dungeon (4/15)
 Temple: D:4-7

Altars:
Ashenzari

Annotations:
D:3 1 runed translucent door


Innate Abilities, Weirdness & Mutations

Your plain brown scales are hard. (AC +6)
You cannot fit into any form of body armour.
You are cold-blooded and may be slowed by cold attacks.


Message History

The orc priest mumbles some strange prayers to Beogh against you.
Pain shoots through your body! The gnoll hits you with a +0 halberd!
* * * LOW HITPOINT WARNING * * *
You barely miss the orc priest. You closely miss the orc priest.
The orc priest barely misses you. The gnoll hits you with a +0 halberd.
* * * LOW HITPOINT WARNING * * *
You barely miss the orc priest.
The orc priest looks encouraged for a moment.
You sock the orc priest!
You kill the orc priest!
Trog accepts your kill.
The gnoll throws a throwing net.
The throwing net hits you.
You become entangled in the net!
The gnoll hits you with a +0 halberd.
* * * LOW HITPOINT WARNING * * *
You struggle against the net.
You tear a large gash into the net.
You feel a strong urge to attack something.
The gnoll hits you with a +0 halberd!
You die...

###.........#.##.
#.......####..# ##
###.....#### ##
####.####..^......#
#.....#..............
#..............#...#.
..###..##..##.....#
#...##..#......#
#.@####...##.....
..####og###....#..###
.......g.....##...##
....##........#... ..
#............
###........#
.........#
##........#
#.........


You could see 2 gnolls and an orc.

Vanquished Creatures
  The ghost of Bombadil the Insei, an amateur DsTm of Ashenzari (D:3)
  A bullfrog (D:3)
  An orc priest (D:4)
  3 orc wizards (D:3)
  Robin (D:3)
  2 gnolls
  An adder (D:3)
  An ooze (D:3)
  2 worms
  2 dart slugs
  3 leopard geckos
  8 orcs
  3 ball pythons
  10 bats
  2 giant cockroaches
  11 goblins
  13 hobgoblins
  5 jackals
  A quokka (D:2)
  3 frilled lizards
  7 kobolds
  2 rats (D:1)
83 creatures vanquished.

Vanquished Creatures (others)
  A goblin (D:3)
1 creature vanquished.

Grand Total: 84 creatures vanquished

Notes
Turn   | Place    | Note
-------+----------+-------------------------------------------
     0 | D:1      | Curus the Draconian Berserker began the quest for the Orb.
     0 | D:1      | Reached XP level 1. HP: 19/19 MP: 1/1
   161 | D:1      | Reached XP level 2. HP: 20/26 MP: 2/2
   208 | D:1      | Reached skill level 4 in Maces & Flails
   410 | D:1      | Reached XP level 3. HP: 15/31 MP: 3/3
   790 | D:2      | Reached ** piety under Trog
  1445 | D:3      | Reached skill level 5 in Maces & Flails
  1445 | D:3      | Reached XP level 4. HP: 13/38 MP: 4/4
  1572 | D:3      | Noticed Robin
  1585 | D:3      | Killed Robin
  1707 | D:3      | Reached *** piety under Trog
  1747 | D:3      | Reached XP level 5. HP: 35/45 MP: 5/5
  1804 | D:3      | Found a runed translucent door.
  1812 | D:3      | Noticed Bombadil's ghost (amateur DsTm)
  1950 | D:3      | Found a shattered altar of Ashenzari.
  2007 | D:3      | Found a runed translucent door.
  2141 | D:3      | Reached skill level 6 in Maces & Flails
  2441 | D:3      | Reached XP level 6. HP: 36/51 MP: 6/6
  2453 | D:3      | Killed Bombadil's ghost
  2453 | D:3      | Reached skill level 7 in Maces & Flails
  2706 | D:4      | Mangled by a gnoll

Levels and vault maps discovered:
D:1:      zelgadis_glass_arrival_small, layout_basic, minmay_hedge_maze,
          st_stairs_7, minmay_heptomino_h4
D:2:      layout_basic
D:3:      layout_loops_cross, nicolae_overflow_hidden_temple, first_ration,
          ebering_ghost_sewer_f, uniq_robin
D:4:      cheibrodos_pilgrimage, layout_cave_pools, kennysheep_mini_moat,
          hangedman_abyss_or_decor_slice

Skill      XL: |  1  2  3  4  5  6 |
---------------+-------------------+-----
Maces & Flails | 4 5 6 7 |  7.5
Fighting       | |  3.2
Dodging        | |  2.6

Action                   |  1- 3 |  4- 6 || total
-------------------------+-------+-------++-------
Melee: Mace              |   115 |    30 ||   145
       Tailslap          |    14 |    14 ||    28
       Flail             |       |    98 ||    98
Invok: Berserk           |     1 |     3 ||     4
       Trog's Hand       |       |     1 ||     1
  Use: Scroll            |     9 |       ||     9
       Potion            |     3 |     1 ||     4
 Stab: Sleeping          |     1 |       ||     1
  Eat: Chunk             |     2 |     6 ||     8
Armor: Skin              |    62 |    35 ||    97
Dodge: Dodged            |    91 |    67 ||   158
